 Dungeon Crawl Stone Soup version 0.21-a0-41-g5e91fef (webtiles) character file.

53987 Duffy the Cleaver (level 14, -3/129 HPs)
             Began as a Naga Fighter on June 3, 2017.
             Was the Champion of the Shining One.
             Slain by a water moccasin (6 damage)
             ... on level 6 of the Lair of Beasts.
             The game lasted 00:22:15 (18386 turns).

Duffy the Cleaver (Naga Fighter)                   Turns: 18386, Time: 00:22:16

Health: -3/129     AC: 17    Str: 22 (24) XL:     14   Next: 70%
Magic:  18/18      EV:  4    Int:  8      God:    the Shining One [******]
Gold:   1257       SH: 22    Dex: 11      Spells: 13/13 levels left

rFire    + . .     SeeInvis +   a - +8 flail "Dragon's Curse" {crush, rN+ MR+}
rCold    + + .     Gourm    .   w - +4 large shield "Soceadd" {+Inv rPois rC++ MR-}
rNeg     + + +     Faith    .   k - +0 plate armour
rPois    +         Spirit   .   F - +1 hat {MR+}
rElec    .         Reflect  .   J - scarf {repulsion}
rCorr    +         Harm     .   A - +0 pair of gloves
MR       ++...                  (no barding)
Stlth    ..........             E - amulet of regeneration
Regen    0.8/turn               I - ring of protection from fire
MPRegen  0.2/turn               j - ring of resist corrosion

@: glowing, repel missiles, very slow
A: stinger 1, see invisible, blink, deformed body, deterioration 1, poison
resistance, slowness 2, slow metabolism 1, spit poison 1, no potion heal 1,
subdued magic 1, MP-powered wands, constrict 1, AC +4
a: Spit Poison, Blink, Divine Shield, Cleansing Flame, Summon Divine Warrior,
Brand Weapon With Holy Wrath, Renounce Religion, Evoke Invisibility


You were on level 6 of the Lair of Beasts.
You worshipped the Shining One.
The Shining One was exalted by your worship.
You were not hungry.

You visited 3 branches of the dungeon, and saw 17 of its levels.
You also visited: Ice Cave.

You collected 1257 gold pieces.

Inventory:

Hand Weapons
 a - the +8 flail "Dragon's Curse" (weapon) {crush, rN+ MR+}
   (You took it off a tengu conjurer on level 8 of the Dungeon)

   It inflicts extra damage upon your enemies.
   It protects you from negative energy.
   It affects your resistance to hostile enchantments.
 b - a +1 war axe
 p - a +2 flail of venom
 C - a +0 blowgun
 D - a +0 whip of venom
 G - a +2 whip of electrocution
Missiles
 H - 6 curare-tipped needles
Armour
 k - a +0 plate armour (worn)
 n - a +0 cloak
 w - the +4 large shield "Soceadd" (worn) {+Inv rPois rC++ MR-}
   (You took it off a big kobold on level 9 of the Dungeon)

   It greatly protects you from cold.
   It protects you from poison.
   It affects your resistance to hostile enchantments.
   It lets you turn invisible.
 A - a +0 pair of gloves (worn)
 F - a +1 hat of magic resistance (worn)
 J - a scarf of repulsion (worn)
Jewellery
 j - a ring of resist corrosion (right hand)
 E - an amulet of regeneration (around neck)
 I - a ring of protection from fire (left hand)
 V - the ring "Epneoss" {+Fly rPois Dex+4}
   (You found it in an ice cave)

   [ring of flight]

   It affects your dexterity (+4).
   It protects you from poison.
   It lets you fly.
 Y - an uncursed ring of protection from cold
 Z - an uncursed ring of protection from cold
Wands
 l - a wand of lightning (2/15)
 q - a wand of polymorph (7/24)
 r - a wand of polymorph (16/24)
 B - a wand of paralysis (20/24)
 Q - a wand of confusion (6/48)
Scrolls
 e - 7 scrolls of enchant weapon
 h - 6 scrolls of teleportation
 m - 2 scrolls of fog
 u - 2 scrolls of recharging
 v - 3 scrolls of enchant armour
 y - 4 scrolls of immolation
 K - 2 scrolls of remove curse
 M - 2 scrolls of fear {unknown}
 O - a scroll of holy word
 R - a scroll of acquirement {unknown}
 U - a scroll of random uselessness {unknown}
Potions
 c - a potion of berserk rage
 d - a potion of might
 g - 5 potions of flight
 o - 4 potions of heal wounds
 s - 2 potions of curing
 t - 2 potions of haste
 L - a potion of lignification
 S - a potion of mutation {unknown}
Miscellaneous
 N - a phantom mirror
Comestibles
 f - 13 bread rations
 i - 8 meat rations
 x - 29 fruits
 z - 11 chunks of flesh
 T - 2 royal jellies


   Skills:
 - Level 9.0 Fighting
 + Level 14.4 Axes
 - Level 11.2 Armour
 - Level 11.2 Shields
 - Level 5.5 Invocations


You had 13 spell levels left.
You didn't know any spells.

Dungeon Overview and Level Annotations

Branches:
Dungeon (10/15)            Temple (1/1) D:4            Lair (6/6) D:9
 Shoals (0/4) Lair:2       Spider (0/4) Lair:2
  Slime: Lair:5-6       Orc: D:9-12

Altars:
Ashenzari
Cheibriados
Dithmenos
Elyvilon
Fedhas
Gozag
Hepliaklqana
Kikubaaqudgha
Makhleb
Nemelex Xobeh
Okawaru
Qazlal
Ru
Sif Muna
Trog
Uskayaw
Vehumet
Wu Jian
Xom
Yredelemnul
Zin
The Shining One

Shops:
D:6 (

Annotations:
Lair:1 exclusion: oklob plant


Innate Abilities, Weirdness & Mutations

You cannot wear boots.
Your serpentine skin is tough. (AC +4)
You have supernaturally acute eyesight. (SInv)
Armour fits poorly on your strangely shaped body.
Your system is resistant to poisons. (rPois)
You cover ground very slowly.
You have a slow metabolism.
You can spit poison.
You can use your snake-like lower body to constrict enemies.
Your tail ends in a poisonous barb.
You can translocate small distances at will.
Your body sometimes deteriorates upon taking damage.
Potions are less effective at restoring your health.
Your spells are a little easier to cast, but a little less powerful.
You expend magic power (3 MP) to strengthen your wands.


Message History

The polar bear is poisoned.
The polar bear is heavily wounded.
You constrict the polar bear! You block the water moccasin's attack.
You block the polar bear's attack. x3; You block the crocodile's attack.
The water moccasin bites you. The komodo dragon bites you!!
Your body deteriorates!
You feel weakened. The water moccasin bites you!
You thump the polar bear!
The polar bear is almost dead.
You constrict the polar bear.
You kill the polar bear!
You block the crocodile's attack. The water moccasin barely misses you.
You block the crocodile's attack. You block the water moccasin's attack.
The komodo dragon bites you!
You bludgeon the crocodile!! Your grab misses the crocodile.
The crocodile is almost dead.
The water moccasin bites you but does no damage.
You block the water moccasin's attack. You block the crocodile's attack. x2
The komodo dragon bites you!! The water moccasin bites you.
You die...

##.... #P............###
~P....###...........#.#
~~~....#P...#........##
#~...P..........P.#...
#.......................
~~~.....................
~~........%.......#..
#.~.....t%$....##.
##...P..l@S....#
~P...P..t%S....#
~~~.PP.........P#
#..P............#
#.##............#
~~#.............P
P~#.............
~~##............


You could see a komodo dragon, 2 water moccasins and 2 crocodiles.

Vanquished Creatures
  Gastronok (D:8)
  A frost giant (IceCv)
  The ghost of Duffy the Thaumaturge, a journeyman SpEE of Vehumet (Lair:5)
  5 hydras
  5 two-headed ogres
  A centaur warrior (D:8)
  6 death yaks
  Urug (Lair:3)
  Nergalle (Lair:3)
  An unseen horror (D:10)
  A wolf spider (Lair:2)
  2 manticores
  The ghost of anet the Magician, a novice DEWz of Ashenzari (D:6)
  5 black mambas
  An ice statue (IceCv)
  10 elephants
  A centaur skeleton (D:10)
  6 spiny frogs
  A tengu conjurer (D:8)
  2 ice devils (Lair:5)
  A rime drake (Lair:3)
  2 komodo dragons
  A jumping spider (Lair:2)
  13 polar bears
  5 trolls
  The ghost of Duffy the Shield-Bearer, an amateur FoFi of the Shining One (D:5)
  A wind drake (Lair:6)
  6 dream sheep (Lair:5)
  8 hippogriffs
  10 blink frogs
  Sigmund (D:2)
  A spriggan (D:8)
  3 redbacks (Lair:2)
  48 yaks
  2 basilisks
  A steam dragon (D:9)
  A vampire mosquito (D:8)
  A hungry ghost (D:8)
  3 soldier ants
  Edmund (D:5)
  9 water moccasins
  7 porcupines
  Duvessa (D:6)
  3 sky beasts
  4 orc warriors
  4 black bears
  4 ice beasts
  6 ogres
  3 necrophages
  4 centaurs
  2 phantoms
  13 wolves (IceCv)
  10 crocodiles
  Blork the orc (D:6)
  3 big kobolds
  A wyvern zombie (D:7)
  Dowan (D:6)
  13 bullfrogs
  6 jellies
  4 scorpions
  12 killer bees
  4 wights (D:9)
  An electric eel (Lair:1)
  4 howler monkeys
  6 crimson imps
  9 hounds
  A quasit (D:10)
  A bullfrog zombie (D:8)
  Crazy Yiuf (D:2)
  5 orc priests
  2 bullfrog skeletons
  Jessica (D:2)
  12 worker ants
  3 iguanas
  4 orc wizards
  2 killer bee zombies
  2 hound zombies
  A hound skeleton (D:9)
  A worker ant zombie (D:7)
  6 adders
  2 shadow imps
  3 white imps (D:10)
  A worker ant simulacrum (D:10)
  2 oozes
  An adder zombie (D:5)
  An adder skeleton (D:7)
  5 worms (D:2)
  4 dart slugs
  3 leopard geckos
  36 orcs
  7 giant cockroaches
  10 goblins
  5 hobgoblins
  6 jackals (D:3)
  40 kobolds
  4 quokkas
  12 bats
  9 frilled lizards
  A giant cockroach zombie (D:5)
  A jackal skeleton (D:5)
  A leopard gecko skeleton (D:8)
  A quokka skeleton (D:4)
  9 rats
  A spectral orc (D:5)
  A fungus (Lair:5)
  2 plants (D:9)
508 creatures vanquished.

Vanquished Creatures (others)
  A two-headed ogre (D:9)
  3 yaks (IceCv)
  9 fungi
  9 plants
22 creatures vanquished.

Grand Total: 530 creatures vanquished

Notes
Turn   | Place    | Note
-------+----------+-------------------------------------------
     0 | D:1      | Duffy the Naga Fighter began the quest for the Orb.
     0 | D:1      | Reached XP level 1. HP: 21/21 MP: 1/1
   314 | D:1      | Reached XP level 2. HP: 27/28 MP: 2/2
   762 | D:1      | Reached XP level 3. HP: 32/34 MP: 3/3
   818 | D:1      | Reached skill level 3 in Axes
  1148 | D:2      | Found a glowing silver altar of Zin.
  1368 | D:2      | Noticed Jessica
  1377 | D:2      | Killed Jessica
  1377 | D:2      | Reached XP level 4. HP: 38/42 MP: 4/4
  1542 | D:2      | Found a white marble altar of Elyvilon.
  1716 | D:2      | Noticed Sigmund
  1718 | D:2      | Reached XP level 5. HP: 49/49 MP: 5/5
  1735 | D:2      | Killed Sigmund
  1735 | D:2      | Reached XP level 6. HP: 31/56 MP: 6/6
  1903 | D:2      | Found a runed door.
  1958 | D:2      | Noticed Crazy Yiuf
  1966 | D:2      | Killed Crazy Yiuf
  2024 | D:2      | Found a deep blue altar of Sif Muna.
  2202 | D:2      | Found a blossoming altar of Fedhas.
  3444 | D:4      | Reached skill level 5 in Shields
  3444 | D:4      | Reached XP level 7. HP: 55/62 MP: 7/7
  3554 | D:4      | Found a sparkling altar of Nemelex Xobeh.
  3666 | D:4      | Found a stormy altar of Qazlal.
  3751 | D:4      | Found a staircase to the Ecumenical Temple.
  3757 | Temple   | Entered the Ecumenical Temple
  3978 | Temple   | Became a worshipper of the Shining One
  4266 | D:5      | Entered Level 5 of the Dungeon
  4546 | D:5      | Noticed Duffy's ghost (amateur FoFi)
  4567 | D:5      | Killed Duffy's ghost
  4567 | D:5      | Reached skill level 5 in Armour
  4837 | D:5      | Reached XP level 8. HP: 44/69 MP: 8/8
  4977 | D:5      | Noticed Edmund
  5000 | D:5      | Killed Edmund
  5346 | D:5      | Found a basalt altar of Yredelemnul.
  5386 | D:5      | Found a sacrificial altar of Ru.
  5833 | D:6      | Reached * piety under the Shining One
  5840 | D:6      | Found an opulent altar of Gozag.
  5870 | D:6      | Noticed anet's ghost (novice DEWz)
  5886 | D:6      | Killed anet's ghost
  5886 | D:6      | Reached XP level 9. HP: 66/75 MP: 9/9
  5930 | D:6      | Found a sacrificial altar of Ru.
  6172 | D:6      | Noticed Duvessa
  6172 | D:6      | Noticed Dowan
  6183 | D:6      | Killed Duvessa
  6192 | D:6      | Killed Dowan
  6548 | D:6      | Found a snail-covered altar of Cheibriados.
  6584 | D:6      | Found Voudim's Weapon Boutique.
  7182 | D:6      | Noticed Blork the orc
  7190 | D:6      | Killed Blork the orc
  7503 | D:7      | Reached ** piety under the Shining One
  7645 | D:7      | Found a hazy altar of Hepliaklqana.
  7756 | D:7      | Reached XP level 10. HP: 72/84 MP: 10/10
  8103 | D:8      | Reached skill level 4 in Axes
  8407 | D:8      | Noticed a centaur warrior
  8421 | D:8      | Killed a centaur warrior
  8421 | D:8      | Reached skill level 5 in Axes
  8438 | D:8      | Reached skill level 6 in Axes
  8450 | D:8      | Reached skill level 5 in Fighting
  8639 | D:8      | Reached *** piety under the Shining One
  8648 | D:8      | Got a crude flail {crush}
  8668 | D:7      | Reached skill level 7 in Axes
  8669 | D:7      | Identified the +8 flail "Dragon's Curse" {crush, rN+ MR+} (You took it off a tengu conjurer on level 8 of the Dungeon)
  8812 | D:8      | Reached skill level 1 in Invocations
  8981 | D:8      | Reached XP level 11. HP: 97/97 MP: 12/12
  9000 | D:8      | Noticed a manticore
  9004 | D:8      | Killed a manticore
  9055 | D:8      | Gained mutation: You can translocate small distances at will. [mutagenic meat]
  9056 | D:8      | Gained mutation: Your body sometimes deteriorates upon taking damage. [mutagenic meat]
  9057 | D:8      | Gained mutation: Your spells are a little easier to cast, but a little less powerful. [mutagenic meat]
  9058 | D:8      | Gained mutation: Your tail ends in a poisonous barb. [mutagenic meat]
  9119 | D:8      | Noticed a two-headed ogre
  9130 | D:8      | Killed a two-headed ogre
  9154 | D:8      | Noticed Gastronok
  9193 | D:8      | Killed Gastronok
  9193 | D:8      | Reached skill level 8 in Axes
  9726 | D:9      | Noticed a two-headed ogre
  9735 | D:9      | Killed a two-headed ogre
  9735 | D:9      | Reached skill level 5 in Invocations
  9780 | D:9      | Killed a two-headed ogre
  9833 | D:9      | Noticed a two-headed ogre
  9844 | D:9      | Killed a two-headed ogre
  9967 | D:9      | Gained mutation: Potions are less effective at restoring your health. [mutagenic meat]
  9968 | D:9      | Gained mutation: You expend magic power (3 MP) to strengthen your wands. [mutagenic meat]
 10014 | D:9      | Reached skill level 9 in Axes
 10041 | D:9      | Found a burning altar of Makhleb.
 10340 | D:9      | Reached **** piety under the Shining One
 10743 | D:9      | Found a staircase to the Lair.
 10944 | D:10     | Entered Level 10 of the Dungeon
 10944 | D:10     | Noticed a two-headed ogre
 10948 | D:10     | Killed a two-headed ogre
 10948 | D:10     | Reached XP level 12. HP: 96/112 MP: 16/16
 11347 | D:10     | Noticed a two-headed ogre
 11352 | D:10     | Killed a two-headed ogre
 11483 | D:10     | Reached ***** piety under the Shining One
 11796 | D:10     | Found a bloodstained altar of Trog.
 12115 | D:9      | Got a fine large shield
 12126 | D:9      | Identified the +4 large shield "Soceadd" {+Inv rPois rC++ MR-} (You took it off a big kobold on level 9 of the Dungeon)
 12197 | Lair:1   | Entered Level 1 of the Lair of Beasts
 12203 | Lair:1   | Reached skill level 10 in Axes
 12694 | Lair:1   | Noticed a five-headed hydra
 12705 | Lair:1   | Killed a five-headed hydra
 13386 | Lair:2   | Noticed a death yak
 13387 | Lair:2   | Noticed a death yak
 13387 | Lair:2   | Noticed a death yak
 13387 | Lair:2   | Noticed a death yak
 13416 | Lair:2   | Killed a death yak
 13421 | Lair:2   | Killed a death yak
 13421 | Lair:2   | Reached skill level 10 in Shields
 13426 | Lair:2   | Killed a death yak
 13430 | Lair:2   | Killed a death yak
 13430 | Lair:2   | Reached skill level 10 in Armour
 13430 | Lair:2   | Gained mutation: You can use your snake-like lower body to constrict enemies. [Naga growth]
 13430 | Lair:2   | Reached XP level 13. HP: 121/121 MP: 17/17
 13525 | Lair:2   | Found a staircase to the Shoals.
 14110 | Lair:2   | Found a hole to the Spider Nest.
 14985 | Lair:3   | Noticed Urug
 14994 | Lair:3   | Killed Urug
 15018 | Lair:3   | Noticed Nergalle
 15031 | Lair:3   | Killed Nergalle
 16271 | Lair:4   | Reached skill level 11 in Axes
 16481 | Lair:5   | Reached XP level 14. HP: 127/129 MP: 18/18
 16526 | Lair:5   | Noticed Duffy's ghost (journeyman SpEE)
 16574 | Lair:5   | Killed Duffy's ghost
 16574 | Lair:5   | Reached skill level 12 in Axes
 16897 | Lair:5   | Found a frozen archway.
 16919 | IceCv    | Entered an ice cave
 17269 | IceCv    | Reached skill level 13 in Axes
 17398 | IceCv    | Reached ****** piety under the Shining One
 17493 | IceCv    | Noticed a frost giant
 17532 | IceCv    | Killed a frost giant
 17543 | IceCv    | Reached skill level 14 in Axes
 17572 | IceCv    | Got a fine golden ring
 17913 | IceCv    | Identified the ring "Epneoss" {+Fly rPois Dex+4} (You found it in an ice cave)
 18283 | Lair:6   | Entered Level 6 of the Lair of Beasts
 18386 | Lair:6   | HP: 3/129 [komodo dragon (18)]
 18386 | Lair:6   | Slain by a water moccasin

Vault maps used:
D:1:      dpeg_arrival_tiny_a, minmay_misc_feat_square, corexii_hall_statues_t,
          minmay_close_crescents
D:2:      lemuel_coloured_pillars_altar, zin_statuary, lemuel_doored_altar,
          lemuel_blue_sif_altar, uniq_sigmund, uniq_crazy_yiuf_cottage,
          uniq_jessica
D:4:      grunt_qazlal_sundering, nemelex_xobeh_ov_fountains_minmay,
          minmay_temple_entry_hall, first_bread
D:5:      yredelemnul_forgotten_temple_becter, basic_altar, uniq_edmund
D:6:      grunt_gozag_breadcrumbs, kennysheep_slug_shrine,
          nicolae_ru_the_path_less_chosen, serial_shops, shop, hex_tiny,
          item_on_display_a, uniq_blork_the_orc, uniq_duvessa
D:7:      basic_altar
D:8:      minmay_the_grid_octo_triangle, the_bakery, uniq_gastronok
D:9:      kennysheep_kobold_camp, makhleb_blood_cavern_becter, lair_entry_dummy,
          serial_bayou_pond_e
D:10:     serial_ice, serial_ice_e, serial_ice_a, serial_ice_d, serial_ice_h,
          trog_book
Temple:   bh_familiar_temple
Lair:1:   minmay_lair_oklob_tunnel, minmay_stone_trees_small,
          lemuel_fruit_fields, grunt_megastairs_5, serial_bayou_shore_a
Lair:2:   minmay_shoals_entry_beasts, spider_nest_entry_funnel_web,
          grunt_megastairs_2, lemuel_fruit_tree
Lair:3:   uniq_nergalle, uniq_urug
Lair:5:   portal_ice_cave_demonic_guard
Lair:6:   gammafunk_lair_ancient_temple, dpeg_slime_entry_corner, basic_altar
IceCv:    ice_cave_caverns_02

Skill      XL: |  1  2  3  4  5  6  7  8  9 10 11 12 13 14 |
---------------+-------------------------------------------+-----
Axes           | 3 7 9 10 11 14 | 14.4
Shields        | 3 4 5 7 8 9 10 11 | 11.2
Armour         | 3 4 5 6 8 10 11 | 11.2
Fighting       | 6 8 9 |  9.0
Invocations    | 2 5 |  5.5

Action                   |  1- 3 |  4- 6 |  7- 9 | 10-12 | 13-15 || total
-------------------------+-------+-------+-------+-------+-------++-------
Melee: War axe           |   104 |       |       |    13 |       ||   117
       Whip              |    10 |   270 |   330 |     3 |       ||   613
       Flail             |       |       |    34 |   587 |   601 ||  1222
       Tailslap          |       |       |       |    47 |   128 ||   175
       Constrict         |       |       |       |       |   110 ||   110
 Abil: Spit Poison       |     1 |     1 |     7 |     7 |       ||    16
Evoke: Wand              |       |       |       |       |     1 ||     1
  Use: Potion            |       |       |       |     4 |     2 ||     6
       Scroll            |       |       |       |    15 |     4 ||    19
  Eat: Chunk             |     1 |     6 |    12 |    15 |     7 ||    41
       Royal jelly       |       |       |       |     5 |     4 ||     9
Armor: Scale mail        |    45 |       |       |       |       ||    45
       Plate armour      |    43 |   159 |   159 |   289 |   257 ||   907
       Skin              |       |       |       |     8 |       ||     8
Dodge: Dodged            |    22 |    23 |    38 |    92 |    70 ||   245
       Deflected         |       |       |       |     5 |     3 ||     8
Block: Shield            |    75 |   140 |   170 |   301 |       ||   686
       Large shield      |       |       |       |   144 |   730 ||   874
